 Dungeon Crawl Stone Soup version 0.19.0-11-g3fc08b3 (webtiles) character file.

647614 dobroeutro the Axe Maniac (level 27, -12/300 HPs)
             Began as a Minotaur Berserker on Nov 9, 2016.
             Was the Champion of Trog.
             Killed from afar by the Serpent of Hell (17 damage)
             ... with a flash freeze
             ... on level 7 of Cocytus.
             The game lasted 02:24:21 (45932 turns).

dobroeutro the Axe Maniac (Minotaur Berserker)     Turns: 45932, Time: 02:24:23

Health: -12/300    AC: 41    Str: 31      XL:     27
Magic:  19/19      EV: 36    Int:  5      God:    Trog [******]
Gold:   6644       SH:  9    Dex: 16 (18) Spells: 0 memorised, 26 levels left

rFire  . . .     SeeInvis +     J - +9 executioner's axe (flame)
rCold  + + +     Gourm    .     C - +8 ice dragon scales of the Amoeba {+Blink rF- rC++ MR+ Regen+}
rNeg   . . .     Faith    .     (shield currently unavailable)
rPois  +         Spirit   .     X - +1 hat of Decompression {Dex+2}
rElec  +         Reflect  +     K - +1 cloak
rCorr  .         Harm     .     z - +2 pair of gloves of Pragmatism {rElec Dex+3}
MR     +++++     Rnd*Tele +     W - +0 pair of boots "Miahyl" {*Contam rElec rC++ Dex+2 SInv}
Stlth  ..........               M - +5 amulet of reflection
                                o - ring of Hamirog {Fire rPois Slay+2}
                                g - +5 ring of evasion

@: regenerating
A: retaliatory headbutt, horns 2, repulsion field 1, large bone plates 1, slimy
green scales 1, blurry vision 1, deterioration 1, dopey 1, low mp 1, robust 1,
shaggy fur 1, electricity resistance, teleportitis 2, wild magic 1, no device
heal 1
a: Berserk, Trog's Hand, Brothers in Arms, Burn Spellbooks, Renounce Religion,
Evoke Blink
}: 4/15 runes: decaying, silver, abyssal, gossamer


You were on level 7 of Cocytus.
You worshipped Trog.
Trog was exalted by your worship.
You were hungry.

You visited 10 branches of the dungeon, and saw 52 of its levels.
You visited the Abyss 3 times.
You visited 1 bazaar.
You also visited: Ice Cave and Volcano.

You collected 8503 gold pieces.
You spent 1859 gold pieces at shops.

Inventory:

Hand Weapons
 I - the +10 executioner's axe of Datizyir {vamp, rC+ Str+4}
   (Trog gifted it to you on level 3 of the Depths)

   It inflicts no extra harm, but heals its wielder when it wounds a living foe.
   It affects your strength (+4).
   It protects you from cold.
 J - a +9 executioner's axe of flaming (weapon)
Armour
 z - the +2 pair of gloves of Pragmatism (worn) {rElec Dex+3}
   (You acquired it on level 2 of the Elven Halls)

   It affects your dexterity (+3).
   It insulates you from electricity.
 A - the +1 pair of boots "Megafuikeh" {MR+ Str+4 Dex+4}
   (You acquired it on level 4 of the Spider Nest)

   It affects your strength (+4).
   It affects your dexterity (+4).
   It affects your resistance to hostile enchantments.
 C - the +8 ice dragon scales of the Amoeba (worn) {+Blink rF- rC++ MR+ Regen+}
   (You found it in an ice cave)

   It makes you vulnerable to fire.
   It greatly protects you from cold.
   It affects your resistance to hostile enchantments.
   It lets you blink.
   It increases your rate of regeneration.
 F - the +0 cloak of the Depths {rC+ Regen+ Dex-5}
   (You found it on level 4 of the Depths)

   It affects your dexterity (-5).
   It protects you from cold.
   It increases your rate of regeneration.
 K - a +1 cloak (worn)
 V - the +0 plate armour of Gowney {rF++ Str-3 Slay+5}
   (You found it on level 3 of the Vaults)

   It affects your strength (-3).
   It affects your accuracy and damage with ranged weapons and melee attacks
   (+5).
   It greatly protects you from fire.
 W - the +0 pair of boots "Miahyl" (worn) {*Contam rElec rC++ Dex+2 SInv}
   (You bought it in a shop on level 1 of the Orcish Mines)

   It affects your dexterity (+2).
   It greatly protects you from cold.
   It insulates you from electricity.
   It lets you see invisible.
   It causes magical contamination when unequipped.
 X - the +1 hat of Decompression (worn) {Dex+2}
   (You found it on level 5 of the Lair of Beasts)

   It affects your dexterity (+2).
Jewellery
 g - a +5 ring of evasion (left hand)
 i - an uncursed ring of fire
 o - the ring of Hamirog (right hand) {Fire rPois Slay+2}
   (You acquired it on level 9 of the Dungeon)

   [ring of fire]

   It enhances your fire magic.
   It affects your accuracy and damage with ranged weapons and melee attacks
   (+2).
   It protects you from fire.
   It makes you vulnerable to cold.
   It protects you from poison.
 y - a cursed +3 amulet of reflection
 L - the macabre finger necklace {rN+}
   (You found it on level 1 of the Vaults)

   [amulet of nothing]

   It protects you from negative energy.
 M - a +5 amulet of reflection (around neck)
Wands
 j - a wand of teleportation (1/9)
 m - a wand of disintegration (12/24)
 p - a wand of digging (10/24)
 v - a wand of polymorph (11/24)
 D - a wand of teleportation (3/9)
 H - a wand of hasting (5/9)
 Q - a wand of digging (7/24)
Scrolls
 a - 22 scrolls of remove curse
 b - 11 scrolls of recharging
 e - 8 scrolls of fog
 h - 7 scrolls of blinking
 k - 6 scrolls of fear
 l - 18 scrolls of teleportation
 N - 5 scrolls of magic mapping
 U - 5 scrolls of enchant weapon
 Y - 7 scrolls of identify
Potions
 d - 6 potions of resistance
 q - 7 potions of ambrosia
 s - 4 potions of brilliance
 t - 8 potions of flight
 u - 16 potions of curing
 w - 7 potions of haste
 x - a potion of invisibility
 E - 2 potions of heal wounds
 G - a potion of berserk rage
 O - 2 potions of agility
 P - 3 potions of might
 T - 6 potions of cure mutation
Miscellaneous
 f - the horn of Geryon
Comestibles
 c - 21 bread rations
 n - 10 beef jerkies
 B - 24 meat rations
 S - 7 fruits


   Skills:
 O Level 27 Fighting
 O Level 27 Axes
 O Level 27 Armour
 + Level 25.5 Dodging


You had 26 spell levels left.
You didn't know any spells.

Dungeon Overview and Level Annotations

Branches:
Dungeon (15/15)            Temple (0/1) D:4            Lair (6/6) D:11
  Swamp (4/4) Lair:2       Spider (4/4) Lair:2        Slime (0/5) Lair:5
    Orc (2/2) D:9             Elf (3/3) Orc:2        Vaults (5/5) D:14
  Crypt (0/3) Vaults:3     Depths (5/5) D:15           Hell (1/1)
    Dis (0/7) Hell            Geh (0/7) Hell            Coc (7/7) Hell
    Tar (0/7) Hell            Zot (0/5) Depths:5

Altars:
Ashenzari
Cheibriados
Elyvilon
Kikubaaqudgha
Nemelex Xobeh
Okawaru
Ru
Uskayaw
Vehumet
Yredelemnul
Zin
Beogh
Lugonu

Shops:
D:10 }   Orc:1 [%(:=   Orc:2 =[*:   Elf:1 *   Vaults:2 (   Vaults:3 [
Vaults:5 :[

Portals:
Hell: Depths:1 Depths:2 Depths:3 Depths:4 Depths:5
Abyss: Depths:1 Depths:4 Depths:5
Pandemonium: Depths:3
Ziggurat: Depths:1

Annotations:
D:11 exclusions: lava snake and 1 more exclusion
Vaults:3 exclusion: door
Depths:1 exclusion: 2 lindwurms
Coc:7 Serpent of Hell


Innate Abilities, Weirdness & Mutations

You reflexively headbutt those who attack you in melee.
You have a pair of horns on your head.
You are surrounded by a mild repulsion field. (EV +2)
You are partially covered in large bone plates. (SH +4)
You are partially covered in slimy green scales. (AC +2)
Scrolls take you a little longer to read.
Your body sometimes deteriorates upon taking damage.
You are dopey. (Int -2)
Your magical capacity is low. (-10% MP)
You are robust. (+10% HP)
You are covered in fur. (AC +1)
You are resistant to electric shocks. (rElec)
You are sometimes teleported next to monsters.
Your spells are a little harder to cast, but a little more powerful.
Potions and wands are less effective at restoring your health.


Message History

The Ice Fiend claws you but does no damage.
You block the Ice Fiend's attack.
You cut the ice dragon into ribbons!!! You burn the ice dragon!
You kill the ice dragon!
Trog accepts your kill.
The ice dragon scales are intact enough to wear.
You feel your dexterity returning.
You hit the Ice Fiend but do no damage.
You barely miss the elemental wellspring.
You open the blizzard demon like a pillowcase!!!
You burn the blizzard demon!
You are engulfed in freezing vapours.
You resist.
You hear a deafening roar!
The Serpent of Hell breathes frost at you.
The blast of cold hits you! You resist.
* * * LOW HITPOINT WARNING * * *
The Serpent of Hell breathes cold at you.
The freezing blast misses you.
The Serpent of Hell breathes ice at you.
The flash freeze hits you! You partially resist.
You die...

≈≈≈≈≈≈≈≈≈≈≈≈≈≈≈≈≈≈≈≈≈≈≈≈≈≈,,≈≈≈,,
≈≈≈≈≈≈≈≈≈≈≈≈≈≈≈≈≈≈≈≈≈≈≈≈≈≈≈,,≈≈≈≈
,,≈≈≈≈≈≈≈≈≈≈≈≈≈≈≈≈≈≈≈≈≈≈≈≈≈≈,,≈≈≈
,,,≈≈≈≈≈≈≈≈≈≈≈≈≈≈≈≈≈≈≈≈≈≈≈≈≈≈,,,,
≈≈≈,,,≈≈≈≈≈≈§≈≈≈≈≈≈≈≈≈≈≈≈≈≈≈≈≈≈≈,
≈≈≈≈,≈≈≈≈≈≈≈≈§≈≈≈≈E≈≈≈≈≈≈≈≈≈≈≈≈≈,
≈≈≈≈≈≈≈≈≈≈≈≈≈≈§≈E≈≈≈≈≈≈≈≈≈≈≈≈≈≈≈≈
≈≈≈≈≈≈≈≈≈≈≈≈≈≈≈§E≈....≈≈≈≈≈≈≈≈≈≈≈
≈≈≈≈≈≈≈≈≈≈≈≈..E2@1......≈≈≈≈≈≈≈≈≈
≈≈≈≈≈≈≈≈≈≈≈...###[###...≈≈≈≈≈≈≈≈≈
≈≈≈≈≈≈≈≈≈≈...##...DD##,..≈≈≈≈≈≈≈≈
≈≈≈≈≈≈≈≈≈≈...#.......#,,,≈≈≈≈≈≈≈≈
≈≈≈≈≈≈≈≈≈≈...+.∩.∩.∩.'..,≈≈≈≈≈≈≈≈
≈≈≈≈≈≈≈≈≈≈..,#.......#...≈≈≈≈≈≈≈≈
≈≈≈≈≈≈≈≈≈≈..,##.....##,..≈≈≈≈≈≈≈≈
≈≈≈≈≈≈≈≈≈≈≈,,,###'###,,,≈≈≈≈≈≈≈≈≈
≈≈≈≈≈≈≈≈≈≈≈≈,,,,,,,,,,,,≈≈≈≈≈≈≈≈≈


You could see the Serpent of Hell, a storm dragon, an Ice Fiend, a blizzard
demon, 3 elemental wellsprings and a water elemental.

Vanquished Creatures
  Mennas (Vaults:5)
  Mara (Swamp:3)
  2 juggernauts (Depths:4)
  4 shard shrikes (Coc:4)
  Bai Suzhen (Swamp:3)
  Saint Roka (Elf:2)
  Nikola (Depths:2)
  4 golden dragons
  Geryon (Hell)
  7 bone dragons
  Arachne (Spider:2)
  The ghost of olma the Warrior, an adept MiBe of Trog (Vaults:2)
  Jorgrun (Vaults:2)
  5 tentacled monstrosities
  2 Ice Fiends
  Rupert (Lair:5)
  2 Hell Sentinels
  8 titans
  Asterion (Spider:3)
  The ghost of Sar the Spry, an adept DEHu of Trog (Elf:3)
  2 liches
  2 deep elf blademasters (Elf:3)
  2 quicksilver dragons
  The ghost of cedor the Slicer, an adept DsMo of Dithmenos (Vaults:4)
  2 deep elf master archers (Elf:3)
  An ancient champion (Vaults:3)
  7 sphinxes
  9 tentacled starspawn
  7 tengu reavers
  A thorn hunter (Swamp:4)
  10 shadow dragons
  4 storm dragons
  9 fire giants
  A revenant (Abyss:1)
  3 nagarajas (Depths:1)
  10 frost giants
  Roxanne (Swamp:2)
  6 deep elf sorcerers (Elf:3)
  3 ghost moths (Spider:4)
  A frost giant (shapeshifter) (Vaults:5)
  2 orc warlords
  A balrug (Abyss:4)
  A draconian zealot (Depths:5)
  An iron dragon (Depths:5)
  8 emperor scorpions
  13 ironheart preservers
  17 vault wardens
  A draconian shifter (Depths:5)
  7 deep elf elementalists
  A ghoul (Vaults:1)
  3 cacodemons
  3 spriggan defenders
  2 elemental wellsprings (Coc:7)
  Aizul (Elf:3)
  38 very ugly things
  2 war gargoyles (Hell)
  3 reapers
  34 stone giants
  5 entropy weavers
  A green draconian (Depths:5)
  4 vampire knights
  6 deep elf demonologists
  A lorocyproca (Hell)
  A white draconian (Depths:5)
  A mottled draconian (Abyss:5)
  12 spark wasps
  2 purple draconians
  7 deep elf annihilators (Elf:3)
  The ghost of Asilar the Cleaver, a journeyman MiBe of Trog (D:11)
  2 green deaths
  7 deep elf death magi
  6 blizzard demons
  16 ettins
  13 fire dragons
  A quicksilver dragon zombie (Coc:7)
  16 ogre magi
  The ghost of no0bjke the Protected, a journeyman MiFi of Okawaru (Volcano)
  2 merfolk impalers (Depths:2)
  14 great orbs of eyes
  2 deep elf high priests (Vaults:5)
  4 kraken zombies
  5 naga warriors (Depths:1)
  A great orb of eyes (shapeshifter) (Depths:2)
  18 yaktaur captains
  3 rakshasas
  33 hydras
  30 vault guards
  3 hell beasts
  20 ice dragons
  A ghost crab (Swamp:3)
  4 catoblepae
  18 centaur warriors
  5 spriggan air magi
  9 alligators
  3 anacondas
  5 death knights
  30 dancing weapons
  7 tengu warriors
  6 deep troll shamans
  18 death yaks
  7 hell hogs (Hell)
  The ghost of kilppis the Cleaver, a novice HuBe of Trog (D:10)
  8 deep troll earth magi
  2 orc high priests (Orc:2)
  17 thrashing horrors
  A vampire mage (Depths:1)
  10 spriggan berserkers
  6 soul eaters
  34 large abominations
  12 deep elf knights
  2 iron golems (Hell)
  Sonja (Lair:3)
  12 skeletal warriors
  3 sixfirhies
  8 hell knights
  3 sun demons (Hell)
  6 wretched stars
  4 anaconda zombies
  5 spatial maelstroms
  2 shadow wraiths
  A fire crab (Lair:3)
  2 iron trolls (D:15)
  7 unseen horrors
  2 shambling mangroves
  6 glowing orange brains
  A sea snake (shapeshifter) (Vaults:2)
  2 golden dragon zombies
  3 flayed ghosts
  5 swamp dragons
  6 wizards
  18 ironbrand convokers
  10 deep elf archers
  34 deep trolls
  34 starcursed masses
  12 necromancers
  12 hill giants
  9 phantasmal warriors
  55 deep elf magi
  20 orb spiders
  A shadow dragon skeleton (Depths:3)
  2 shadow dragon zombies
  23 orc knights
  3 harpies (Vaults:3)
  Pikel (D:6)
  5 wolf spider zombies
  55 ugly things
  A faun (shapeshifter) (Vaults:3)
  2 orc sorcerers (Vaults:3)
  An iron dragon zombie (Coc:1)
  A tengu skeleton (Depths:3)
  3 frost giant zombies
  4 salamanders
  2 anaconda skeletons (Hell)
  3 moths of wrath
  2 worldbinders (Abyss:4)
  An iron dragon skeleton (Hell)
  11 manticores
  39 wolf spiders
  2 frost giant skeletons (Coc:3)
  6 guardian serpents
  11 elephants
  10 black mambas
  A naga mage (Depths:1)
  3 stone giant skeletons
  9 rust devils
  13 vault sentinels
  2 apocalypse crabs (Abyss:4)
  3 gargoyles
  3 ice statues (IceCv)
  Psyche (D:11)
  17 spiny frogs
  10 smoke demons
  2 centaur skeletons
  3 orange demons
  3 hellions
  A rime drake (Lair:2)
  21 komodo dragons
  2 dire elephant skeletons (Coc:5)
  3 efreet
  2 anaconda simulacra
  57 yaktaurs
  3 tormentors
  9 tengu conjurers
  A hellwing (Abyss:1)
  12 freezing wraiths
  A yellow draconian skeleton (Coc:1)
  15 demonic crawlers
  A harpy zombie (Coc:4)
  11 hydra zombies
  A red devil (Hell)
  A shadow dragon simulacrum (Vaults:4)
  8 ancient zymes
  A queen bee (Depths:2)
  43 jumping spiders
  A merfolk (D:9)
  19 ice devils
  2 jumping spiders (shapeshifter)
  9 trolls
  4 tyrant leeches
  A queen bee (shapeshifter) (Depths:2)
  Prince Ribbit (D:9)
  A troll (shapeshifter) (Abyss:4)
  A slime creature (shapeshifter) (D:15)
  27 two-headed ogres
  A tengu simulacrum (Vaults:1)
  3 polar bears
  5 two-headed ogres (shapeshifter)
  A hippogriff (shapeshifter) (Elf:1)
  14 bog bodies
  A sphinx simulacrum (Vaults:4)
  48 slime creatures
  24 hornets
  14 blink frogs
  3 hydra skeletons
  3 alligator zombies
  An alligator skeleton (Hell)
  17 raiju
  6 dream sheep (Lair:6)
  A fire dragon zombie (Coc:1)
  11 hippogriffs
  32 flying skulls
  A black mamba zombie (Hell)
  2 ettin skeletons
  2 spriggans
  7 shadows
  8 air elementals
  58 redbacks
  2 wyverns
  A ynoxinul (Abyss:1)
  30 tarantellas
  2 vampires
  Eustachio (D:6)
  8 wraiths
  5 fire bats
  17 water elementals
  2 tarantellas (shapeshifter)
  3 basilisks
  A fire bat (shapeshifter) (Abyss:4)
  29 yaks
  10 fire elementals
  5 neqoxecs
  2 hungry ghosts
  4 chaos spawn
  3 golden eyes (Abyss:2)
  15 vampire mosquitoes
  3 spatial vortices (Abyss:4)
  A swamp worm (shapeshifter) (Depths:5)
  11 nagas (Depths:1)
  Edmund (D:6)
  4 mottled dragons
  12 swamp worms
  5 wargs
  15 hell hounds
  20 water moccasins
  2 hydra simulacra (Hell)
  5 spiny frog zombies
  18 small abominations
  A floating eye (Depths:2)
  8 porcupines
  3 black bears
  A snapping turtle zombie (Coc:3)
  45 orc warriors
  7 sky beasts
  13 ice beasts
  8 swamp drakes
  An alligator simulacrum (Coc:1)
  4 slaves (D:6)
  2 spiny frog skeletons
  5 phantoms
  51 ogres
  4 necrophages
  An ogre (shapeshifter) (Vaults:4)
  4 eyes of draining
  17 boggarts
  28 centaurs
  2 manticore skeletons (Hell)
  21 wolves
  14 crocodiles
  3 big kobolds
  22 bullfrogs
  4 gnoll sergeants
  A wyvern zombie (D:9)
  3 earth elementals
  8 scorpions
  A troll zombie (D:9)
  38 killer bees
  24 wights
  3 howler monkeys
  2 electric eels
  A centaur zombie (D:9)
  6 quasits
  9 hounds
  13 crimson imps
  A human simulacrum (Vaults:1)
  A yaktaur simulacrum (Vaults:1)
  6 jellies
  23 orc priests
  Crazy Yiuf (D:6)
  5 bullfrog skeletons
  5 iron imps
  Jessica (D:2)
  Natasha (D:2)
  Terence (D:2)
  14 worker ants
  12 iguanas
  27 orc wizards
  A naga zombie (Coc:4)
  7 ogre zombies (D:9)
  2 mummies
  A worker ant zombie (D:6)
  18 adders
  24 gnolls
  5 river rats (D:11)
  6 shadow imps
  14 white imps
  2 ufetubi
  2 oozes
  3 adder skeletons
  4 worms
  A dart slug (D:2)
  5 leopard geckos
  89 orcs
  9 ball pythons
  A bat (D:1)
  6 giant cockroaches
  14 goblins
  7 hobgoblins
  5 jackals
  11 kobolds
  A quokka (D:11)
  3 frilled lizards
  A goblin skeleton (D:9)
  2 goblin zombies (D:9)
  A hobgoblin skeleton (D:9)
  6 hobgoblin zombies (D:9)
  A kobold skeleton (Coc:4)
  4 orc skeletons (D:9)
  11 orc zombies (D:9)
  2 quokka zombies (D:9)
  5 rats
  2 crawling corpses (Vaults:5)
  8 fungi
  A lurking horror (Abyss:5)
  5 plants
  13 starspawn tentacles
  3 tentacles
2793 creatures vanquished.

Vanquished Creatures (collateral kills)
  An ancient lich (Abyss:1)
  A bone dragon (Abyss:1)
  2 titans (Vaults:5)
  A deep elf sorcerer (Elf:3)
  An iron dragon (Vaults:5)
  A vault warden (Vaults:5)
  A fire giant (Depths:4)
  A ghoul (Vaults:3)
  2 ironheart preservers
  3 stone giants
  A spark wasp (Spider:4)
  An ettin (Vaults:5)
  A deep elf high priest (Vaults:5)
  3 deep elf death magi
  An ogre mage (Vaults:4)
  2 yaktaur captains
  A rakshasa (Abyss:1)
  A centaur warrior (Depths:4)
  A deep troll shaman (Depths:1)
  A hell hog (Hell)
  2 orc high priests (Orc:2)
  2 deep troll earth magi
  A sun demon (Hell)
  A titan skeleton (Coc:2)
  2 glowing orange brains
  4 deep trolls
  A flayed ghost (Vaults:4)
  An infernal demonspawn (Depths:3)
  An ironbrand convoker (Vaults:5)
  5 orb spiders
  3 ugly things
  4 smoke demons
  4 yaktaurs
  2 demonic crawlers (Spider:4)
  A tormentor (Coc:5)
  An ice devil (Coc:5)
  A red devil (Hell)
  A troll (Orc:2)
  A hydra zombie (Coc:5)
  A jumping spider (Spider:4)
  2 hornets (Spider:4)
  A slime creature (Vaults:3)
  2 redbacks (Spider:4)
  2 flying skulls (Coc:5)
  A wyvern (shapeshifter) (Depths:4)
  A neqoxec (Abyss:1)
  A floating eye (Depths:4)
  A spiny frog zombie (Coc:2)
  7 orc warriors (Orc:2)
  2 ogres
  2 wights (Coc:2)
  A crimson imp (Hell)
  2 starcursed masses (Abyss:4)
  A shadow imp (Depths:3)
  2 white imps (Coc:5)
  An ufetubus (Depths:3)
  A fungus (Orc:2)
96 creatures vanquished.

Vanquished Creatures (others)
  An eldritch tentacle (Coc:5)
  A storm dragon (Vaults:5)
  A deep elf sorcerer (Elf:3)
  A fire giant (Vaults:5)
  A vault warden (Vaults:5)
  A deep elf high priest (Elf:3)
  A rakshasa (Depths:2)
  An alligator (Swamp:1)
  A sixfirhy (Hell)
  An orb spider (Spider:4)
  A yaktaur (Depths:2)
  A tengu conjurer (Depths:2)
  A tarantella (Spider:3)
  3 golden eyes (Abyss:4)
  A naga (Depths:1)
  A starcursed mass (Abyss:4)
  5 fungi
  2 lurking horrors (Abyss:4)
  2 plants (Lair:4)
  15 starspawn tentacles
  13 tentacles
55 creatures vanquished.

Grand Total: 2944 creatures vanquished

Notes
Turn   | Place    | Note
-------+----------+-------------------------------------------
     0 | D:1      | dobroeutro the Minotaur Berserker began the quest for the Orb.
     0 | D:1      | Reached XP level 1. HP: 19/19 MP: 0/0
   307 | D:1      | Reached XP level 2. HP: 26/26 MP: 1/1
   757 | D:2      | Reached skill level 5 in Axes
   805 | D:2      | Reached XP level 3. HP: 15/31 MP: 2/2
  1081 | D:2      | Found a snail-covered altar of Cheibriados.
  1102 | D:2      | Noticed Jessica
  1114 | D:2      | Killed Jessica
  1263 | D:2      | Noticed Terence
  1263 | D:2      | Reached XP level 4. HP: 16/39 MP: 3/3
  1268 | D:2      | Killed Terence
  1502 | D:2      | Noticed Natasha
  1507 | D:2      | Killed Natasha
  1507 | D:2      | Reached XP level 5. HP: 45/45 MP: 4/4
  1508 | D:2      | Reached ** piety under Trog
  1690 | D:3      | Found an iron altar of Okawaru.
  1690 | D:3      | Found a glowing silver altar of Zin.
  1882 | D:3      | Reached XP level 6. HP: 46/51 MP: 5/5
  2140 | D:3      | Reached *** piety under Trog
  2203 | D:3      | Found a white marble altar of Elyvilon.
  2364 | D:4      | Found a shattered altar of Ashenzari.
  2586 | D:4      | Found a staircase to the Ecumenical Temple.
  2842 | D:4      | Reached XP level 7. HP: 56/57 MP: 6/6
  3017 | D:5      | Entered Level 5 of the Dungeon
  3019 | D:5      | Noticed a dagger
  3019 | D:5      | Found a hide-covered altar of Uskayaw.
  3019 | D:5      | Noticed a dagger
  3140 | D:5      | Reached skill level 10 in Axes
  3245 | D:5      | Found a basalt altar of Yredelemnul.
  3481 | D:5      | Found an ancient bone altar of Kikubaaqudgha.
  3747 | D:6      | Noticed Pikel
  3763 | D:6      | Killed Pikel
  3763 | D:6      | Reached XP level 8. HP: 64/64 MP: 7/7
  3798 | D:6      | Noticed Edmund
  3805 | D:6      | Killed Edmund
  3935 | D:6      | Noticed Eustachio
  3947 | D:6      | Killed Eustachio
  4032 | D:6      | You fall through a shaft for 3 floors!
  4076 | D:8      | Reached **** piety under Trog
  4215 | D:8      | Reached XP level 9. HP: 66/71 MP: 8/8
  4255 | D:8      | Paralysed by a hornet for 3 turns
  4453 | D:7      | Reached skill level 5 in Fighting
  4477 | D:7      | Found a radiant altar of Vehumet.
  4642 | D:7      | Reached ***** piety under Trog
  4792 | D:6      | Gained mutation: Scrolls take you a little longer to read. [mutagenic meat]
  4793 | D:6      | Gained mutation: Your magical capacity is low. (-10% MP) [mutagenic meat]
  4794 | D:6      | Gained mutation: You are covered in fur. (AC +1) [mutagenic meat]
  4795 | D:6      | Gained mutation: You are dopey. (Int -2) [potion of mutation]
  4795 | D:6      | Lost mutation: You are dopey. (Int -2) [potion of mutation]
  4796 | D:6      | Gained mutation: You are partially covered in large bone plates. (SH +4) [potion of mutation]
  4796 | D:6      | Gained mutation: Your spells are a little harder to cast, but a little more powerful. [potion of mutation]
  5197 | D:6      | Found a runed door.
  5201 | D:6      | Noticed Crazy Yiuf
  5228 | D:6      | Killed Crazy Yiuf
  5297 | D:7      | Reached skill level 5 in Dodging
  5313 | D:7      | Reached skill level 5 in Armour
  5314 | D:7      | Received a gift from Trog
  5932 | D:8      | Reached XP level 10. HP: 75/84 MP: 8/8
  6076 | D:8      | Found a sacrificial altar of Ru.
  6165 | D:8      | Gained mutation: You are surrounded by a mild repulsion field. (EV +2) [mutagenic meat]
  6166 | D:8      | Gained mutation: You possess an exceptional clarity of mind. [mutagenic meat]
  6261 | D:9      | Noticed Prince Ribbit
  6267 | D:9      | Killed Prince Ribbit
  6346 | D:9      | Identified a scroll of acquirement
  6348 | D:9      | Got a clouded silver ring
  6350 | D:9      | Identified the ring of Hamirog {Fire rPois Slay+2} (You acquired it on level 9 of the Dungeon)
  6495 | D:9      | Found a staircase to the Orcish Mines.
  6516 | D:9      | Received a gift from Trog
  6858 | D:9      | Received a gift from Trog
  7132 | D:10     | Entered Level 10 of the Dungeon
  7163 | D:10     | Received a gift from Trog
  7247 | D:10     | Found Rutipueg's Gadget Shop.
  7285 | D:10     | Reached skill level 15 in Axes
  7285 | D:10     | Reached XP level 11. HP: 95/95 MP: 8/8
  7401 | D:10     | Noticed kilppis's ghost (novice HuBe)
  7412 | D:10     | Killed kilppis's ghost
  7495 | D:10     | Killed an unseen horror
  7670 | D:10     | Noticed a hill giant
  7675 | D:10     | Killed a hill giant
  7729 | D:11     | Noticed Psyche
  7733 | D:11     | Killed Psyche
  7842 | D:11     | Noticed a red ugly thing
  7851 | D:11     | Noticed Asilar's ghost (journeyman MiBe)
  7852 | D:11     | Killed a red ugly thing
  7855 | D:11     | Reached ****** piety under Trog
  7865 | D:11     | Killed Asilar's ghost
  7884 | D:11     | Found a staircase to the Lair.
  8128 | D:11     | Noticed a brown ugly thing
  8137 | D:11     | Killed a brown ugly thing
  8146 | D:11     | Noticed a hill giant
  8151 | D:11     | Killed a hill giant
  8192 | D:11     | Noticed an ogre mage
  8206 | D:11     | Killed an ogre mage
  8206 | D:11     | Reached skill level 10 in Fighting
  8360 | D:11     | Reached XP level 12. HP: 106/106 MP: 1/9
  8733 | D:11     | Received a gift from Trog
  8825 | D:12     | Reached skill level 10 in Armour
  9218 | D:12     | Reached skill level 10 in Dodging
  9287 | Lair:1   | Entered Level 1 of the Lair of Beasts
  9377 | Lair:1   | Noticed a four-headed hydra
  9383 | Lair:1   | Killed a one-headed hydra
  9734 | Lair:1   | Received a gift from Trog
 10003 | Lair:2   | Noticed a six-headed hydra
 10009 | Lair:2   | Killed a three-headed hydra
 10043 | Lair:2   | Reached XP level 13. HP: 116/116 MP: 10/10
 10344 | Lair:2   | Found a hole to the Spider Nest.
 10360 | Lair:2   | Got a scorched silver ring
 10361 | Lair:2   | Identified the ring of Juojoitu {+Fly rPois Str+7} (You acquired it on level 2 of the Lair of Beasts)
 10589 | Lair:2   | Found a staircase to the Swamp.
 10765 | Lair:3   | Found a frozen archway.
 10780 | IceCv    | Entered an ice cave
 10901 | IceCv    | Got slimy ice dragon scales
 10912 | IceCv    | Identified the +8 ice dragon scales of the Amoeba {+Blink rF- rC++ MR+ Regen+} (You found it in an ice cave)
 11144 | Lair:3   | Noticed Sonja
 11145 | Lair:3   | Killed Sonja
 11760 | Lair:4   | Got a polished hat
 11766 | Lair:4   | Identified the +0 hat of Iprozedu {*Corrode rElec Int+10} (You found it on level 4 of the Lair of Beasts)
 11798 | Lair:4   | Found an ancient bone altar of Kikubaaqudgha.
 11868 | Lair:4   | Received a gift from Trog
 12827 | Lair:5   | Noticed Rupert
 12837 | Lair:5   | Killed Rupert
 12837 | Lair:5   | Reached XP level 14. HP: 127/127 MP: 11/11
 13207 | Lair:5   | Found a staircase to the Slime Pits.
 13408 | Lair:5   | Got a warped hat
 13415 | Lair:5   | Identified the +1 hat of Decompression {Dex+2} (You found it on level 5 of the Lair of Beasts)
 13710 | Lair:6   | Entered Level 6 of the Lair of Beasts
 13718 | Lair:6   | Received a gift from Trog
 13771 | Lair:6   | Found a dark tunnel.
 13776 | Volcano  | Entered a volcano
 13808 | Volcano  | Noticed no0bjke's ghost (journeyman MiFi)
 13816 | Volcano  | Killed no0bjke's ghost
 13919 | Volcano  | Got a pair of blackened boots
 13932 | Volcano  | Identified the +1 pair of boots of Weightlessness {+Inv rPois Regen+ Int-5} (You found it in a volcano)
 13932 | Volcano  | Lost intelligence.
 14677 | Lair:6   | Reached XP level 15. HP: 137/137 MP: 12/12
 15243 | Swamp:1  | Entered Level 1 of the Swamp
 15251 | Swamp:1  | Received a gift from Trog
 15255 | Swamp:1  | Paralysed by a hornet for 2 turns
 16122 | Swamp:2  | Noticed Roxanne
 16131 | Swamp:2  | Killed Roxanne
 16678 | Swamp:3  | Noticed Bai Suzhen
 16694 | Swamp:3  | Killed Bai Suzhen
 16726 | Swamp:3  | Noticed Mara
 16735 | Swamp:3  | Noticed dobroeutro's illusion
 16902 | Swamp:3  | Noticed dobroeutro's illusion
 17064 | Spider:1 | Entered Level 1 of the Spider Nest
 17238 | Spider:1 | Received a gift from Trog
 17411 | Spider:1 | Reached XP level 16. HP: 138/147 MP: 13/13
 17697 | Spider:1 | Reached skill level 15 in Fighting
 18094 | Spider:2 | Noticed Arachne
 18106 | Spider:2 | Killed Arachne
 18120 | Spider:2 | Paralysed by a hornet for 3 turns
 18436 | Spider:3 | Received a gift from Trog
 18520 | Spider:3 | Reached skill level 15 in Armour
 18707 | Spider:3 | Noticed Asterion
 18716 | Spider:3 | Killed Asterion
 19759 | Spider:3 | Received a gift from Trog
 19776 | Spider:4 | Entered Level 4 of the Spider Nest
 19842 | Spider:4 | Reached XP level 17. HP: 84/158 MP: 14/14
 20188 | Spider:4 | Got a pair of heavily runed boots
 20199 | Spider:4 | Identified the +1 pair of boots "Megafuikeh" {MR+ Str+4 Dex+4} (You acquired it on level 4 of the Spider Nest)
 20569 | Spider:4 | Received a gift from Trog
 20657 | Spider:4 | Got a gossamer rune of Zot
 20771 | Spider:4 | Reached skill level 15 in Dodging
 21006 | Swamp:3  | Killed Mara
 21040 | Swamp:4  | Entered Level 4 of the Swamp
 21322 | Swamp:4  | Received a gift from Trog
 21502 | Swamp:4  | Got a decaying rune of Zot
 21576 | Swamp:4  | Reached XP level 18. HP: 162/168 MP: 15/15
 21876 | Orc:1    | Entered Level 1 of the Orcish Mines
 21876 | Orc:1    | Found Mosiara's Jewellery Shoppe.
 21899 | Orc:1    | Received a gift from Trog
 21932 | Orc:1    | Found Xoti's Book Shoppe.
 22112 | Orc:1    | Found Susouros's Weapon Boutique.
 22164 | Orc:1    | Found Vutaut's Food Shop.
 22220 | Orc:1    | Found Gaxtig's Antique Armour Boutique.
 22236 | Orc:1    | Found a roughly hewn altar of Beogh.
 22238 | Orc:1    | Bought a pair of faintly humming boots for 266 gold pieces
 22248 | Orc:1    | Identified the +0 pair of boots "Miahyl" {*Contam rElec rC++ Dex+2 SInv} (You bought it in a shop on level 1 of the Orcish Mines)
 22354 | Orc:2    | Entered Level 2 of the Orcish Mines
 22474 | Orc:2    | Found a roughly hewn altar of Beogh.
 22535 | Orc:2    | Found Kunad's General Store.
 22556 | Orc:2    | Found Hepunaojidgh's Antique Armour Shoppe.
 22681 | Orc:2    | Found Selamiyll's Antique Weapon Shoppe.
 22716 | Orc:2    | Found Soykkyg's Book Boutique.
 22803 | Orc:2    | Found Pethy's Jewellery Shop.
 22810 | Orc:2    | Received a gift from Trog
 22965 | Orc:2    | Found a staircase to the Elven Halls.
 23048 | Orc:2    | Bought a +5 amulet of reflection for 375 gold pieces
 24089 | D:14     | Found a gate to the Vaults.
 24093 | D:14     | Received a gift from Trog
 24379 | D:15     | Entered Level 15 of the Dungeon
 24679 | D:15     | Found a staircase to the Depths.
 24837 | D:15     | Got a translucent bronze amulet
 24857 | D:15     | Identified the amulet "Socuagag" {Inacc MP+9 Str+5} (You found it on level 15 of the Dungeon)
 25070 | Vaults:1 | Entered Level 1 of the Vaults
 25367 | Vaults:1 | Received a gift from Trog
 25899 | Vaults:1 | Received a gift from Trog
 25988 | Vaults:1 | Received a gift from Trog
 26010 | Vaults:1 | Reached XP level 19. HP: 165/179 MP: 16/16
 26407 | Vaults:2 | Found Fygu's Antique Weapon Emporium.
 26729 | Vaults:2 | Received a gift from Trog
 26799 | Vaults:2 | Noticed olma's ghost (adept MiBe)
 26811 | Vaults:2 | Killed olma's ghost
 27059 | Vaults:2 | Noticed Jorgrun
 27068 | Vaults:2 | Killed Jorgrun
 27248 | Vaults:2 | Found a sparkling altar of Nemelex Xobeh.
 27601 | Vaults:3 | Found Ziphan Peegi's Armour Shop.
 27764 | Vaults:3 | Received a gift from Trog
 28075 | Vaults:3 | Reached XP level 20. HP: 177/185 MP: 17/17
 28206 | Vaults:3 | Got a smoking plate armour
 28217 | Vaults:3 | Identified the cursed +0 plate armour of Gowney {rF++ Str-3 Slay+5} (You found it on level 3 of the Vaults)
 28433 | Vaults:3 | Found a staircase to the Crypt.
 29020 | Vaults:4 | Received a gift from Trog
 29158 | Vaults:4 | Noticed cedor's ghost (adept DsMo)
 29180 | Vaults:4 | Killed cedor's ghost
 29664 | Vaults:4 | Received a gift from Trog
 29670 | Vaults:4 | Got a bloodstained battleaxe {god gift}
 29673 | Vaults:4 | Identified the +4 battleaxe "Geamatog" {chop, rElec Dex+3 SInv} (Trog gifted it to you on level 4 of the Vaults)
 29997 | Vaults:5 | Entered Level 5 of the Vaults
 30032 | Vaults:4 | Reached XP level 21. HP: 59/195 MP: 17/17
 30152 | Vaults:5 | Reached skill level 27 in Axes
 30196 | Vaults:5 | Received a gift from Trog
 30268 | Vaults:5 | Noticed Mennas
 30289 | Vaults:5 | Killed Mennas
 30347 | Vaults:5 | Received a gift from Trog
 30676 | Vaults:5 | Found Hailyat's Armour Shoppe.
 30888 | Vaults:5 | Got an ancient iron ring
 30923 | Vaults:5 | Identified the ring of the Lion {MP+9 Str+9} (You took it off a frost giant on level 5 of the Vaults)
 31020 | Vaults:5 | Found Inischyn's Book Emporium.
 31099 | Vaults:5 | Received a gift from Trog
 31200 | Vaults:5 | Reached XP level 22. HP: 204/204 MP: 18/18
 31328 | Vaults:5 | Noticed a golden dragon
 31340 | Vaults:5 | Killed a golden dragon
 31421 | Vaults:5 | Got a silver rune of Zot
 31838 | Depths:1 | Entered Level 1 of the Depths
 31838 | Depths:1 | Found a one-way gate to the infinite horrors of the Abyss.
 32109 | Depths:1 | Received a gift from Trog
 32180 | Depths:1 | Found a gateway to a ziggurat.
 32600 | Depths:1 | Found a gateway to Hell.
 32903 | Depths:1 | Received a gift from Trog
 33413 | Depths:2 | Found a runed door.
 33462 | Depths:2 | Noticed a golden dragon
 33839 | Depths:2 | Noticed Nikola
 33847 | Depths:2 | Killed Nikola
 33849 | Depths:2 | Reached XP level 23. HP: 188/215 MP: 19/19
 34088 | Depths:2 | Received a gift from Trog
 34094 | Depths:2 | Got a jewelled battleaxe {god gift}
 34097 | Depths:2 | Identified the +5 battleaxe "Syqo" {protect, rPois Str+2 Int+5} (Trog gifted it to you on level 2 of the Depths)
 34968 | Depths:3 | Received a gift from Trog
 34974 | Depths:3 | Got a bone executioner's axe {god gift}
 34977 | Depths:3 | Identified the +10 executioner's axe of Datizyir {vamp, rC+ Str+4} (Trog gifted it to you on level 3 of the Depths)
 35108 | Depths:3 | Found a one-way gate leading to the halls of Pandemonium.
 35839 | Depths:4 | Received a gift from Trog
 36035 | Depths:4 | Noticed a juggernaut
 36048 | Depths:4 | Killed a juggernaut
 36049 | Depths:4 | Paralysed by a floating eye for 3 turns
 36091 | Depths:4 | Reached XP level 24. HP: 126/228 MP: 19/19
 36107 | Depths:4 | Paralysed by a floating eye for 4 turns
 36116 | Depths:4 | Paralysed by a floating eye for 2 turns
 36585 | Depths:4 | Noticed a juggernaut
 36595 | Depths:4 | Killed a juggernaut
 36760 | Depths:4 | Got a translucent bronze amulet
 36766 | Depths:4 | Identified the amulet of Dishonour {Spirit *Slow rC+ Str+3 Slay+2} (You took it off a spriggan air mage on level 4 of the Depths)
 36801 | Depths:4 | Got a warped cloak
 36804 | Depths:4 | Identified the +0 cloak of the Depths {rC+ Regen+ Dex-5} (You found it on level 4 of the Depths)
 36932 | Depths:4 | Received a gift from Trog
 37126 | Depths:5 | Entered Level 5 of the Depths
 37583 | Depths:5 | Found a gate to the Realm of Zot.
 37922 | Depths:5 | Found a corrupted altar of Lugonu.
 38041 | Depths:5 | Voluntarily entered the Abyss.
 38075 | Abyss:2  | Found a corrupted altar of Lugonu.
 38361 | Abyss:4  | Received a gift from Trog
 38494 | Abyss:5  | Entered Level 5 of the Abyss
 38569 | Abyss:5  | Paralysed by accursed screaming for 1 turns
 38598 | Abyss:5  | Found a hide-covered altar of Uskayaw.
 38650 | Depths:5 | Escaped the Abyss
 38806 | Depths:5 | Voluntarily entered the Abyss.
 38890 | Abyss:1  | Reached XP level 25. HP: 240/240 MP: 19/19
 39094 | Abyss:1  | Received a gift from Trog
 39190 | Abyss:1  | Noticed an ancient lich
 39200 | Abyss:1  | Killed an ancient lich
 39341 | Abyss:2  | Found a corrupted altar of Lugonu.
 39649 | Abyss:4  | Found a corrupted altar of Lugonu.
 39710 | Abyss:4  | Found a snail-covered altar of Cheibriados.
 39732 | Abyss:4  | Found a shimmering altar of Xom.
 39738 | Abyss:4  | Paralysed by accursed screaming for 1 turns
 39744 | Abyss:4  | Got an abyssal rune of Zot
 39751 | Abyss:4  | Paralysed by accursed screaming for 1 turns
 39846 | Abyss:4  | Lost mutation: You possess an exceptional clarity of mind. [a neqoxec]
 39847 | Abyss:4  | Lost intelligence.
 39853 | Abyss:4  | Gained mutation: You are occasionally teleported next to monsters. [a neqoxec]
 39857 | Abyss:4  | Received a gift from Trog
 39974 | Abyss:4  | Received a gift from Trog
 39986 | Abyss:4  | Gained mutation: You are dopey. (Int -2) [a cacodemon]
 39987 | Abyss:4  | Gained mutation: Potions and wands are less effective at restoring your health. [a cacodemon]
 40001 | Abyss:4  | Paralysed by accursed screaming for 1 turns
 40002 | Abyss:4  | Gained mutation: You are resistant to electric shocks. (rElec) [potion of beneficial mutation]
 40029 | Depths:5 | Escaped the Abyss
 40459 | Elf:1    | Entered Level 1 of the Elven Halls
 40499 | Elf:1    | Cast into level 2 of the Abyss (a deep elf demonologist)
 40525 | Elf:1    | Escaped the Abyss
 40642 | Elf:1    | Received a gift from Trog
 40676 | Elf:1    | Received a gift from Trog
 41073 | Elf:1    | Found Ikigeta's General Store.
 41081 | Elf:1    | Bought a scroll of acquirement for 728 gold pieces
 41085 | Elf:1    | Got a jewelled plate armour
 41096 | Elf:1    | Identified the +1 plate armour "Ytaig" {Regen+ Stlth+} (You acquired it on level 1 of the Elven Halls)
 41423 | Elf:2    | Got a pair of jewelled gloves
 41434 | Elf:2    | Identified the +2 pair of gloves of Pragmatism {rElec Dex+3} (You acquired it on level 2 of the Elven Halls)
 41532 | Elf:2    | Found a huge runed gate.
 41533 | Elf:2    | Found a huge runed gate.
 41534 | Elf:2    | Found a huge runed gate.
 41535 | Elf:2    | Found a huge runed gate.
 41536 | Elf:2    | Found a huge runed gate.
 41558 | Elf:2    | Received a gift from Trog
 41883 | Elf:2    | Noticed Saint Roka
 41886 | Elf:2    | Reached XP level 26. HP: 260/260 MP: 19/19
 41901 | Elf:2    | Killed Saint Roka
 42017 | Elf:2    | Found a gateway to a bazaar.
 42135 | Bazaar   | Entered a bazaar
 42152 | Bazaar   | Found Dufreuj's Book Emporium.
 42152 | Bazaar   | Found Casaq's Food Shoppe.
 42173 | Bazaar   | Found Tiavomn's Antique Weapon Emporium.
 42173 | Bazaar   | Found Sato's Distillery.
 42177 | Bazaar   | Bought a potion of beneficial mutation for 490 gold pieces
 42177 | Bazaar   | Gained mutation: You are partially covered in slimy green scales. (AC +2) [potion of beneficial mutation]
 42178 | Bazaar   | Gained mutation: You are robust. (+10% HP) [potion of beneficial mutation]
 42209 | Bazaar   | Found Daucsacs's Antique Weapon Shoppe.
 42399 | Elf:2    | Received a gift from Trog
 42430 | Elf:2    | Got a slimy chain mail
 42433 | Elf:2    | Identified the +8 chain mail of the Stag {*Drain rElec Int+3} (You found it on level 2 of the Elven Halls)
 42453 | Elf:3    | Entered Level 3 of the Elven Halls
 42531 | Elf:3    | Noticed Sar's ghost (adept DEHu)
 42555 | Elf:3    | Killed Sar's ghost
 42717 | Elf:3    | Noticed Aizul
 42730 | Elf:3    | Killed Aizul
 43360 | Elf:3    | Identified the Guide on Torrid Combat Magic
 43361 | Elf:3    | Received a gift from Trog
 43645 | Elf:3    | Got a shimmering bone ring
 43648 | Elf:3    | Identified the ring "Rameog" {Ice Str+2} (You took it off a deep elf sorcerer on level 3 of the Elven Halls)
 44258 | Hell     | Entered the Vestibule of Hell
 44258 | Hell     | Noticed Geryon
 44273 | Hell     | Gained mutation: Your body sometimes deteriorates upon taking damage. [a cacodemon]
 44274 | Hell     | Gained mutation: You are sometimes teleported next to monsters. [a cacodemon]
 44330 | Hell     | Received a gift from Trog
 44368 | Hell     | Killed Geryon
 44425 | Hell     | Found a gateway to the freezing wastes of Cocytus.
 44482 | Hell     | Found a gateway to the ashen valley of Gehenna.
 44577 | Hell     | Found a gateway to the decaying netherworld of Tartarus.
 44706 | Hell     | Found a gateway to the Iron City of Dis.
 44812 | Coc:1    | Entered Level 1 of Cocytus
 45002 | Coc:1    | Received a gift from Trog
 45372 | Coc:4    | Reached skill level 27 in Fighting
 45372 | Coc:4    | Reached XP level 27. HP: 211/298 MP: 19/19
 45606 | Coc:5    | Received a gift from Trog
 45871 | Coc:6    | Reached skill level 27 in Armour
 45877 | Coc:7    | Entered Level 7 of Cocytus
 45928 | Coc:7    | Noticed the Serpent of Hell
 45930 | Coc:7    | HP: 9/300 [ice-covered stone wall collision (16)]
 45932 | Coc:7    | Killed from afar by the Serpent of Hell

Skill      XL: |  1  2  3  4  5  6  7  8  9 10 11 12 13 14 15 16 17 18 19 20 21 22 23 24 25 26 27 |
---------------+----------------------------------------------------------------------------------+-----
Axes           | 4 5 6 8 9 12 13 14 15 16 17 19 20 21 22 23 24 25 26 27 | 27.0
Fighting       | 4 6 8 10 11 12 13 14 15 16 17 18 19 20 21 23 24 25 27 | 27.0
Armour         | 5 7 9 10 12 13 14 15 16 17 18 19 20 21 23 24 25 26 27 | 27.0
Dodging        | 5 7 9 10 11 12 13 14 15 16 17 18 19 20 21 22 23 25 | 25.5

Action                   |  1- 3 |  4- 6 |  7- 9 | 10-12 | 13-15 | 16-18 | 19-21 | 22-24 | 25-27 || total
-------------------------+-------+-------+-------+-------+-------+-------+-------+-------+-------++-------
Melee: Hand axe          |    51 |   101 |   203 |       |       |       |       |       |       ||   355
       Headbutt          |     7 |    18 |    44 |    96 |   137 |   190 |   223 |   334 |   303 ||  1352
       Battleaxe         |       |       |    60 |   341 |       |       |       |       |       ||   401
       Executioner's axe |       |       |       |   139 |   648 |   945 |   810 |  1239 |  1221 ||  5002
Invok: Berserk           |       |     4 |     6 |     4 |     5 |     3 |       |     1 |       ||    23
       Burn Spellbooks   |       |       |     1 |     1 |     5 |     6 |     3 |     8 |     8 ||    32
       Brothers in Arms  |       |       |       |       |       |     4 |    11 |     8 |    12 ||    35
       Trog's Hand       |       |       |       |       |       |       |     6 |     4 |    15 ||    25
 Abil: Evoke Blink       |       |       |       |       |     1 |       |       |       |       ||     1
Evoke: Wand              |       |       |       |       |       |       |       |     3 |     3 ||     6
  Use: Scroll            |       |       |    16 |    19 |     7 |    16 |     9 |    10 |     7 ||    84
       Potion            |       |       |     2 |       |     1 |       |     2 |     1 |    12 ||    18
 Stab: Petrified         |       |       |       |       |     5 |       |       |       |       ||     5
       Distracted        |       |       |       |       |       |       |     2 |     3 |     2 ||     7
  Eat: Chunk             |     1 |     8 |    19 |    20 |    17 |    23 |    23 |    19 |    16 ||   146
       Royal jelly       |       |       |       |       |     1 |     1 |       |     3 |     6 ||    11
       Pizza             |       |       |       |       |     4 |     2 |       |       |     1 ||     7
       Fruit             |       |       |       |       |     3 |       |     2 |       |       ||     5
       Beef jerky        |       |       |       |       |     1 |     3 |       |     1 |     1 ||     6
       Bread ration      |       |       |       |       |       |       |       |     1 |     1 ||     2
Armor: Animal skin       |     5 |       |       |       |       |       |       |       |       ||     5
       Chain mail        |       |    35 |    38 |       |       |       |       |       |       ||    73
       Scale mail        |       |       |    14 |       |       |       |       |       |       ||    14
       Plate armour      |       |       |    29 |   171 |    41 |       |       |       |       ||   241
       Ice dragon scales |       |       |       |       |   257 |   383 |   216 |   270 |   282 ||  1408
Dodge: Dodged            |    32 |    26 |   102 |   367 |   735 |  1162 |   761 |  1095 |  1207 ||  5487
Block: Other             |       |       |     6 |    88 |   130 |   152 |    99 |   353 |   452 ||  1280
       Reflection        |       |       |       |       |       |       |       |    28 |    20 ||    48
